 Dungeon Crawl Stone Soup version 0.20.0-8-g6b59dc7 (webtiles) character file.

145 Rrauwl the Skirmisher (level 5, -12/38 HPs)
             Began as a Halfling Artificer on May 30, 2017.
             Killed themself with a badly aimed fireball (14 damage)
             ... on level 2 of the Dungeon.
             The game lasted 00:05:28 (2460 turns).

Rrauwl the Skirmisher (Halfling Artificer)          Turns: 2460, Time: 00:05:28

Health: -12/38     AC:  5    Str: 14    XL:     5   Next: 53%
Magic:  16/16      EV: 14    Int:  9    God:
Gold:   73         SH:  0    Dex: 15    Spells: 4/4 levels left

rFire    . . .     SeeInvis .   a - +0 short sword
rCold    . . .     Gourm    .   (shield restricted)
rNeg     + . .     Faith    .   b - +0 leather armour
rPois    .         Spirit   .   i - +1 helmet
rElec    .         Reflect  .   (no cloak)
rCorr    .         Harm     .   (no gloves)
MR       .....                  (no boots)
Stlth    ++........             (no amulet)
Regen    0.2/turn               m - ring of magical power (curse)
MPRegen  0.2/turn               o - ring of positive energy

@: lethally poisoned (-12 -> -22)
A: mutation resistance 1
a: no special abilities


You were on level 2 of the Dungeon.
You were not hungry.

You visited 1 branch of the dungeon, and saw 2 of its levels.

You collected 73 gold pieces.

Inventory:

Hand Weapons
 a - a +0 short sword (weapon)
Missiles
 n - 34 stones (quivered)
Armour
 b - a +0 leather armour (worn)
 i - a +1 helmet (worn)
Jewellery
 m - a cursed ring of magical power (left hand)
 o - a ring of positive energy (right hand)
Wands
 c - a wand of flame (13/48)
 d - a wand of enslavement (15/24)
 e - a wand of random effects (15/48)
Scrolls
 g - a scroll of recharging {unknown}
 h - a scroll of remove curse {unknown}
 j - a scroll of magic mapping {unknown}
 l - 3 scrolls of identify {unknown}
Comestibles
 f - 2 bread rations
 k - 2 meat rations


   Skills:
 + Level 4.3 Fighting
 - Level 1.2 Short Blades
 - Level 1.0 Armour
 - Level 2.1 Dodging
 - Level 1.1 Stealth
 - Level 3.0 Evocations


You had 4 spell levels left.
You didn't know any spells.

Dungeon Overview and Level Annotations

Branches:
Dungeon (2/15)

Altars:


Innate Abilities, Weirdness & Mutations

You are small and have problems with some larger weapons.
You are somewhat resistant to further mutation.


Message History

You feel sick. The adder closely misses you. The adder barely misses you.
Evoke which item? (* to show all) (? for menu, Esc to quit)
Aiming: Throw Flame
Press: ? - help, Shift-Dir - straight line, f/p - adder
Aim: an adder (almost dead)
The puff of flame hits the adder.
You kill the adder!
This wand has 13 charges left.
* * * LOW HITPOINT WARNING * * *
You feel sick. The quokka misses you.
Evoke which item? (* to show all) (? for menu, Esc to quit)
Aiming: Random Effects
Press: ? - help, Shift-Dir - straight line, f - quokka
Aim: a quokka The fireball explodes!
The fireball engulfs the quokka.
You kill the quokka!
The fireball engulfs the goblin.
You kill the goblin!
The fireball engulfs you!
You die...

#...............
#...............
#..........r....
#$>..........(.(
#...............
#.................####...
##.....#.................. .
.##.....##### #...#....#..
.#........†@# #...##....#.
..####....#.## #...........
#.# ###.....####...........
#.# #.................... #.##
#....................
###..#####.......###..........
#..........###.### #######....
#........###.###.###.###.###.#
#.........#.#.#.#.#.#.#.#....#


There were no monsters in sight!

Vanquished Creatures
  4 gnolls
  6 adders (D:2)
  An ooze (D:1)
  A dart slug (D:2)
  2 leopard geckos
  2 giant cockroaches (D:1)
  4 goblins
  5 hobgoblins
  2 jackals (D:1)
  4 quokkas
  A ball python (D:1)
  3 bats
  2 frilled lizards (D:1)
  7 kobolds
  3 rats
47 creatures vanquished.

Notes
Turn   | Place    | Note
-------+----------+-------------------------------------------
     0 | D:1      | Rrauwl the Halfling Artificer began the quest for the Orb.
     0 | D:1      | Reached XP level 1. HP: 12/12 MP: 3/3
   102 | D:1      | Reached skill level 1 in Fighting
   191 | D:1      | Reached XP level 2. HP: 13/18 MP: 4/4
   397 | D:1      | Reached skill level 1 in Armour
   704 | D:1      | Reached skill level 2 in Fighting
   704 | D:1      | Reached XP level 3. HP: 18/24 MP: 5/5
  1152 | D:2      | Reached skill level 3 in Fighting
  1152 | D:2      | Reached XP level 4. HP: 5/31 MP: 6/6
  2064 | D:2      | Reached XP level 5. HP: 26/37 MP: 7/7
  2138 | D:2      | Reached skill level 4 in Fighting
  2460 | D:2      | Killed themself with a badly aimed fireball

Skill      XL: |  1  2  3  4  5 |
---------------+----------------+-----
Fighting       | 1 2 3 4 |  4.3
Armour         | 1 |  1.0
Short Blades   | |  1.2
Dodging        | |  2.1
Stealth        | |  1.1
Evocations     | |  3.0

Action                   |  1- 3 |  4- 6 || total
-------------------------+-------+-------++-------
Melee: Short sword       |   118 |   117 ||   235
Evoke: Wand              |       |     2 ||     2
  Use: Potion            |       |     2 ||     2
 Stab: Sleeping          |     2 |     1 ||     3
  Eat: Chunk             |     1 |     2 ||     3
       Royal jelly       |       |     1 ||     1
Armor: Leather armour    |    25 |    15 ||    40
Dodge: Dodged            |   109 |   109 ||   218
